 Dungeon Crawl Stone Soup version 0.20.1-1-g8b1a95d (webtiles) character file.

151600 Ijustatesigmund the Severer (level 17, -2/179 HPs)
             Began as a Hill Orc Fighter on Sept 14, 2017.
             Was the Champion of Cheibriados.
             Slain by a thorn hunter (15 damage)
             ... on level 4 of the Swamp on Sept 15, 2017.
             The game lasted 01:36:34 (25437 turns).

Ijustatesigmund the Severer (Hill Orc Fighter)     Turns: 25437, Time: 01:36:35

Health: -2/179     AC: 14    Str: 36    XL:     17   Next: 56%
Magic:  29/29      EV: 18    Int: 25    God:    Cheibriados [******]
Gold:   667        SH: 15    Dex: 28    Spells: 16/21 levels left

rFire    + . .     SeeInvis +   a - +3 war axe (flame)
rCold    . . .     Gourm    .   c - +0 shield
rNeg     . . .     Faith    .   O - +0 leather armour of the Castellan {Regen+ SInv}
rPois    +         Spirit   .   (helmet restricted)
rElec    .         Reflect  .   y - +0 cloak of Sloth {rPois SInv} (curse)
rCorr    .         Harm     .   m - +2 pair of gloves
MR       ++...                  h - +2 pair of boots
Stlth    +.........             q - amulet of regeneration
Regen    1.2/turn               Q - ring of protection from fire
MPRegen  0.3/turn               U - ring of protection from magic

@: very slow
A: hooves 1, horns 1, icy blue scales 1, robust 1
a: Bend Time, Temporal Distortion, Slouch, Step From Time, Renounce Religion


You were on level 4 of the Swamp.
You worshipped Cheibriados.
Cheibriados was exalted by your worship.
You were not hungry.

You visited 4 branches of the dungeon, and saw 27 of its levels.
You also visited: Ossuary.

You collected 2364 gold pieces.
You spent 1697 gold pieces at shops.

Inventory:

Hand Weapons
 a - a +3 war axe of flaming (weapon)
 W - the +7 hand crossbow of Psychosis {venom, rC++ MP+9}
   (You found it on level 6 of the Lair of Beasts)

   It poisons the ammo it fires.
   It greatly protects you from cold.
   It affects your magic capacity (+9).
Missiles
 B - 6 javelins (quivered)
Armour
 b - the +1 scale mail "Othrie Noex" {rC- Regen+ Int+7}
   (You found it on level 7 of the Dungeon)

   It affects your intelligence (+7).
   It makes you vulnerable to cold.
   It increases your rate of regeneration.
 c - a +0 shield (worn)
 h - a +2 pair of boots (worn)
 m - a +2 pair of gloves (worn)
 y - the cursed +0 cloak of Sloth (worn) {rPois SInv}
   (You bought it in a shop on level 9 of the Dungeon)

   It protects you from poison.
   It lets you see invisible.
   It has a curse placed upon it.
 L - the +1 troll leather armour of Fun and Games {rC- rN+++ Regen+ Dex+2 SInv}
   (You bought it in a shop on level 2 of the Orcish Mines)

   It affects your dexterity (+2).
   It makes you vulnerable to cold.
   It renders you almost immune to negative energy.
   It lets you see invisible.
   It increases your rate of regeneration.
 O - the +0 leather armour of the Castellan (worn) {Regen+ SInv}
   (You bought it in a shop on level 9 of the Dungeon)

   It lets you see invisible.
   It increases your rate of regeneration.
 T - a scarf of cloud immunity
Jewellery
 e - an uncursed amulet of guardian spirit
 g - an uncursed ring of ice
 q - an amulet of regeneration (around neck)
 A - an uncursed ring of positive energy
 J - an uncursed ring of poison resistance
 N - an uncursed ring of wizardry
 Q - a ring of protection from fire (left hand)
 U - a ring of protection from magic (right hand)
 Y - an uncursed ring of magical power
Wands
 s - a wand of paralysis (14/24)
 t - a wand of digging (14/24)
 v - a wand of digging (19/24)
 z - a wand of iceblast (3/15)
 Z - a wand of lightning (4/15)
Scrolls
 i - 7 scrolls of teleportation
 o - 4 scrolls of amnesia
 r - 9 scrolls of immolation
 u - 8 scrolls of fear
 x - 3 scrolls of recharging
 E - 7 scrolls of identify
 H - 3 scrolls of remove curse
 M - 2 scrolls of fog
 S - 4 scrolls of magic mapping
Potions
 d - 2 potions of magic
 j - a potion of heal wounds
 k - 12 potions of curing
 l - 2 potions of might
 p - 2 potions of cancellation
 w - a potion of invisibility
 F - 4 potions of flight
 I - 2 potions of agility
 P - 3 potions of brilliance
 R - 3 potions of ambrosia
Books
 D - a book of Minor Magic

   Spells                             Type                      Level
   a - Magic Dart                     Conjuration                  1
   b - Blink                          Translocation                2
   c - Call Imp                       Summoning                    2
   d - Slow                           Hexes                        2
   e - Conjure Flame                  Conjuration/Fire             3
   f - Mephitic Cloud                 Conjuration/Poison/Air       3
Comestibles
 f - 12 bread rations
 n - 16 meat rations
 C - 14 royal jellies


   Skills:
 - Level 18.1 Fighting
 - Level 18.5 Axes
   Level 1.9 Staves
 - Level 8.3 Armour
 - Level 6.8 Dodging
 - Level 10.4 Shields
 - Level 2.9 Spellcasting
 - Level 6.7 Charms
 + Level 2.5 Translocations
 - Level 7.0 Ice Magic
 + Level 16.5 Invocations


You had 16 spell levels left.
You knew the following spells:

 Your Spells              Type           Power        Failure   Level  Hunger
a - Ozocubu's Armour      Chrm/Ice       #####...     3%          3    ###....
b - Blink                 Tloc           N/A          11%         2    ##.....


Dungeon Overview and Level Annotations

Branches:
Dungeon (15/15)            Temple (0/1) D:7            Lair (6/6) D:11
  Swamp (4/4) Lair:4       Spider (0/4) Lair:3        Slime (0/5) Lair:6
    Orc (2/2) D:12            Elf (0/3) Orc:2        Vaults (0/5) D:13
 Depths (0/5) D:15

Altars:
Cheibriados
Dithmenos
Makhleb
Nemelex Xobeh
Okawaru
Vehumet
Yredelemnul
Zin
Beogh

Shops:
D:9 *[[   Orc:1 }   Orc:2 [%(!

Portals:
Trove: D:11 (give +3 ice dragon scales)

Annotations:
D:11 exclusion: 2 ice statues


Innate Abilities, Weirdness & Mutations

You have large cloven feet.
You have a pair of small horns on your head.
You are partially covered in icy blue scales. (AC +2)
You are robust. (+10% HP)


Message History

The thorn hunter fires a volley of thorns at you.
The volley of thorns hits you!
* * * LOW HITPOINT WARNING * * *
You block the thorn hunter's attack. The thorn hunter barely misses you.
You block the thorn hunter's attack. The thorn hunter hits you!!
* * * LOW HITPOINT WARNING * * *
You feel much better.
The briar patch crumbles away.
You block the thorn hunter's attack. x2
You hit the thorn hunter but do no damage.
You headbutt the thorn hunter.
The thorn hunter is lightly damaged.
The briar patch crumbles away. x2
The thorn hunter fires a volley of thorns at you.
The volley of thorns hits you!
* * * LOW HITPOINT WARNING * * *
You slice the thorn hunter!! You burn the thorn hunter.
You headbutt the thorn hunter.
The thorn hunter is moderately damaged.
The briar patch crumbles away. x4; The thorn hunter hits you!
You die...

♣♣≈...≈≈.♣♣♣.♣♣.≈≈.≈♣♣♣
♣♣♣≈≈.≈≈≈≈..≈..≈.♣♣♣
♣♣..≈.....≈.≈♣♣♣
♣♣)♣.≈≈≈..≈(<♣♣ ♣.≈.≈..≈≈...≈♣
♣♣≈...≈...≈†♣♣********
♣♣..≈....≈≈#≈♣≈≈≈,,,≈**
♣♣♣♣..≈.≈..f.#≈♣≈#,≈≈≈*≈,**
♣♣.♣♣♣}..≈.≈@≈≈#≈#≈≈≈≈*≈≈*≈**
♣♣≈...≈..≈§≈..##≈#.#.≈≈≈*≈,*,*
♣.≈......§[.≈♣#≈#≈#.≈≈≈♣≈≈*,,,
♣≈≈≈≈.......≈#*≈,≈.≈.≈≈.*≈*,,*
♣♣≈.≈..≈≈≈...#*≈,≈≈≈≈≈≈#*≈***,
♣♣.♣..≈.)≈.≈♣*,≈≈≈≈≈≈.**≈≈≈≈≈
♣♣.≈.≈≈....♣*,*≈*≈#.**,,,*≈*
♣≈..≈≈≈.≈..#*,≈*,*≈**,≈,*≈*≈
♣♣.♣♣......#♣≈,≈≈≈≈≈≈,,≈≈≈,≈


You could see a thorn hunter.

Vanquished Creatures
  Kirke (D:14)
  3 thorn hunters
  Aizul (Swamp:4)
  2 orc warlords
  A stone giant (Orc:2)
  Fannar (Lair:3)
  2 vault guards (D:13)
  Josephine (Swamp:1)
  21 hydras
  A hell beast (Swamp:4)
  4 ghost crabs
  4 centaur warriors
  A merfolk avatar (Lair:6)
  An ogre mage (D:15)
  7 two-headed ogres
  3 tengu warriors
  5 alligators
  A deep elf knight (D:13)
  The ghost of sasori113 the Chopper, a novice DsGl of Fedhas (D:9)
  2 shambling mangroves
  2 spriggan druids
  2 unseen horrors
  A sea snake (Lair:6)
  2 wizards
  A wolf spider zombie (D:15)
  9 swamp dragons
  Pikel (D:5)
  5 orc knights
  3 cyclopes
  12 ugly things
  3 deep elf magi
  4 manticores
  6 orc sorcerers
  36 elephants
  4 centaur zombies
  7 black mambas
  A torpor snail (Lair:2)
  A gargoyle (D:13)
  4 rime drakes (Lair:6)
  2 orange demons (Swamp:4)
  26 spiny frogs
  10 komodo dragons
  5 polar bears
  2 tengu conjurers (D:15)
  13 hornets
  11 tyrant leeches
  8 trolls
  10 hippogriffs
  14 slime creatures
  7 blink frogs (Lair:6)
  5 bog bodies
  A redback (Lair:3)
  4 shadows
  A vampire (D:14)
  8 spriggans
  Grum (D:10)
  A large abomination (Swamp:4)
  4 wraiths
  6 wyverns
  3 hogs (D:14)
  28 yaks
  Eustachio (D:6)
  A human (D:13)
  7 basilisks
  3 hungry ghosts
  27 vampire mosquitoes
  7 wargs
  A steam dragon (D:11)
  2 soldier ants (D:9)
  An acid dragon (D:15)
  10 insubstantial wisps
  27 swamp worms
  13 water moccasins
  A floating eye (shapeshifter) (D:14)
  10 porcupines
  4 sky beasts
  13 swamp drakes
  3 ice beasts
  47 orc warriors
  3 black bears
  5 phantoms
  An eye of draining (D:7)
  17 wolves
  19 centaurs
  8 ogres
  15 crocodiles
  2 big kobolds
  2 wyvern zombies (D:9)
  23 bullfrogs
  4 scorpions
  A water moccasin zombie (D:9)
  A wyvern skeleton (D:9)
  22 killer bees
  6 wights
  2 howler monkeys
  2 electric eels
  2 bullfrog zombies
  6 crimson imps
  A quasit (D:6)
  7 hounds
  2 human zombies (Ossuary)
  2 centaur skeletons
  31 orc priests
  Crazy Yiuf (D:4)
  8 jellies
  39 orc wizards
  Ijyb (D:4)
  5 iguanas
  7 hell rats (Lair:5)
  11 worker ants
  A killer bee zombie (D:9)
  2 big kobold zombies (Ossuary)
  3 mummies (Ossuary)
  Robin (D:2)
  A howler monkey zombie (D:7)
  7 adders
  A gnoll (D:2)
  4 shadow imps
  2 oozes (D:1)
  An adder zombie (D:5)
  An adder skeleton (D:5)
  5 worms
  A dart slug (D:2)
  3 leopard geckos
  128 orcs
  A giant cockroach (D:3)
  A gnoll zombie (Ossuary)
  14 goblins
  11 hobgoblins
  8 jackals
  16 kobolds
  6 quokkas
  5 ball pythons
  11 bats
  5 frilled lizards
  A goblin zombie (Ossuary)
  2 kobold zombies (Ossuary)
  2 leopard gecko skeletons
  3 rats
  5 briar patches
  5 fungi
  2 plants
1030 creatures vanquished.

Vanquished Creatures (others)
  A swamp worm (Swamp:1)
  A swamp drake (Swamp:4)
  An orc warrior (Orc:1)
  A worker ant (D:14)
  A shadow imp (D:5)
  An orc (Orc:1)
  2 briar patches (Swamp:4)
  7 bushes
  15 fungi
  46 plants
76 creatures vanquished.

Grand Total: 1106 creatures vanquished

Notes
Turn   | Place    | Note
-------+----------+-------------------------------------------
     0 | D:1      | Ijustatesigmund the Hill Orc Fighter began the quest for the Orb.
     0 | D:1      | Reached XP level 1. HP: 19/19 MP: 1/1
   138 | D:1      | Reached XP level 2. HP: 23/27 MP: 2/2
   445 | D:1      | Reached XP level 3. HP: 33/33 MP: 3/3
   869 | D:2      | Noticed Robin
   883 | D:2      | Killed Robin
   883 | D:2      | Reached XP level 4. HP: 11/40 MP: 4/4
  1894 | D:2      | Found a basalt altar of Yredelemnul.
  1950 | D:2      | Found a snail-covered altar of Cheibriados.
  1955 | D:2      | Became a worshipper of Cheibriados the Contemplative
  2308 | D:3      | Reached XP level 5. HP: 47/47 MP: 5/5
  2376 | D:3      | Reached * piety under Cheibriados
  2936 | D:4      | Noticed Ijyb
  2950 | D:4      | Killed Ijyb
  2950 | D:4      | Reached skill level 5 in Fighting
  3084 | D:4      | Reached skill level 5 in Axes
  3084 | D:4      | Reached skill level 5 in Armour
  3084 | D:4      | Reached XP level 6. HP: 52/56 MP: 6/6
  3345 | D:4      | Found a runed door.
  3349 | D:4      | Noticed Crazy Yiuf
  3356 | D:4      | Killed Crazy Yiuf
  3681 | D:5      | Entered Level 5 of the Dungeon
  3698 | D:5      | Noticed an orc warrior
  3704 | D:5      | Reached skill level 1 in Invocations
  3704 | D:5      | Reached ** piety under Cheibriados
  3713 | D:5      | Killed an orc warrior
  3713 | D:5      | Reached XP level 7. HP: 46/62 MP: 7/9
  3873 | D:5      | Found an iron altar of Okawaru.
  3960 | D:5      | Reached skill level 5 in Invocations
  4132 | D:5      | Noticed Pikel
  4149 | D:5      | Killed Pikel
  4149 | D:5      | Reached XP level 8. HP: 65/70 MP: 11/14
  4329 | D:5      | Reached skill level 10 in Invocations
  4814 | D:6      | Noticed Eustachio
  4833 | D:6      | Killed Eustachio
  4853 | D:6      | Reached *** piety under Cheibriados
  4867 | D:6      | Reached XP level 9. HP: 70/75 MP: 17/17
  5306 | D:7      | Reached **** piety under Cheibriados
  5312 | D:7      | Found a sand-covered staircase.
  5320 | Ossuary  | Entered an ossuary
  5663 | D:7      | Reached skill level 5 in Shields
  5686 | D:7      | Found a glowing silver altar of Zin.
  5686 | D:7      | Found an iron altar of Okawaru.
  5698 | D:7      | Got a jewelled scale mail
  5704 | D:7      | Identified the cursed +1 scale mail "Othrie Noex" {rC- Regen+ Int+7} (You found it on level 7 of the Dungeon)
  5716 | D:7      | Gained mutation: You are partially covered in slimy green scales. (AC +2) [potion of mutation]
  5716 | D:7      | Gained mutation: You have large cloven feet. [potion of mutation]
  5716 | D:7      | Gained mutation: You have hoof-like feet. [potion of mutation]
  5766 | D:7      | Found a staircase to the Ecumenical Temple.
  5776 | D:7      | Found a burning altar of Makhleb.
  5980 | D:8      | Reached skill level 1 in Dodging
  5980 | D:8      | Reached XP level 10. HP: 88/88 MP: 19/19
  6027 | D:8      | Found a radiant altar of Vehumet.
  6197 | D:8      | Reached ***** piety under Cheibriados
  6581 | D:9      | Found Tuotri's General Store.
  6609 | D:9      | Found Anateing's Antique Armour Shoppe.
  6612 | D:9      | Bought a shimmering leather armour for 210 gold pieces
  6612 | D:9      | Bought a translucent leather armour for 210 gold pieces
  6624 | D:9      | Identified the +0 leather armour of the Castellan {Regen+ SInv} (You bought it in a shop on level 9 of the Dungeon)
  6634 | D:9      | Identified the +1 leather armour of Parts Unknown {rElec Int+4 Dex+2} (You bought it in a shop on level 9 of the Dungeon)
  6671 | D:9      | Identified a scroll of acquirement
  6674 | D:9      | Got a slimy garnet amulet
  6676 | D:9      | Identified the amulet "Imafuc Bero" {Gourm -Tele MR+ Str+5} (You acquired it on level 9 of the Dungeon)
  6965 | D:9      | Found Xykadeq's Antique Armour Boutique.
  6983 | D:9      | Noticed sasori113's ghost (novice DsGl)
  7002 | D:9      | Killed sasori113's ghost
  7235 | D:9      | Noticed a two-headed ogre
  7250 | D:9      | Killed a two-headed ogre
  7250 | D:9      | Reached XP level 11. HP: 66/97 MP: 15/20
  7306 | D:10     | Entered Level 10 of the Dungeon
  7317 | D:10     | Found a sparkling altar of Nemelex Xobeh.
  7382 | D:10     | Reached skill level 10 in Axes
  7561 | D:10     | Noticed Grum
  7568 | D:10     | Killed Grum
  7865 | D:10     | Noticed a two-headed ogre
  7956 | D:10     | Killed a two-headed ogre
  7956 | D:10     | Reached skill level 10 in Fighting
  8598 | D:11     | Found a portal to a secret trove of treasure.
  8723 | D:11     | Reached skill level 5 in Dodging
  8895 | D:11     | Noticed a cyclops
  8895 | D:11     | Noticed a white ugly thing
  8904 | D:11     | Killed a white ugly thing
  8912 | D:11     | Killed a cyclops
  8991 | D:11     | Found a staircase to the Lair.
  9008 | D:11     | Reached ****** piety under Cheibriados
  9011 | Lair:1   | Entered Level 1 of the Lair of Beasts
  9093 | D:11     | Reached XP level 12. HP: 110/110 MP: 21/21
  9734 | D:12     | Noticed a two-headed ogre
  9734 | D:12     | Noticed a two-headed ogre
  9738 | D:12     | Killed a two-headed ogre
  9833 | D:12     | Killed a two-headed ogre
 10003 | D:12     | Found a staircase to the Orcish Mines.
 10242 | D:12     | Reached skill level 1 in Staves
 10555 | Orc:1    | Entered Level 1 of the Orcish Mines
 10721 | Orc:1    | Noticed a sun demon
 10725 | Orc:1    | Reached skill level 15 in Axes
 11011 | Orc:2    | Entered Level 2 of the Orcish Mines
 11107 | Orc:2    | Found a staircase to the Elven Halls.
 11112 | Orc:2    | Noticed a stone giant
 11129 | Orc:2    | Killed a stone giant
 11129 | Orc:2    | Reached XP level 13. HP: 111/119 MP: 22/22
 11215 | Orc:2    | Found a roughly hewn altar of Beogh.
 11235 | Orc:2    | Paralysed by an orc sorcerer for 2 turns
 11403 | Orc:2    | Found a roughly hewn altar of Beogh.
 11403 | Orc:2    | Found Owoelin's Food Shop.
 11435 | Orc:1    | Found Qytox's Quality Used Wands.
 11607 | Orc:1    | Noticed an orc warlord
 11687 | Orc:2    | Killed an orc warlord
 11971 | Orc:2    | Found a roughly hewn altar of Beogh.
 11979 | Orc:2    | Found Hecw's Distillery.
 11995 | Orc:2    | Bought a potion of mutation for 112 gold pieces
 11995 | Orc:2    | Bought 2 potions of heal wounds for 140 gold pieces
 11995 | Orc:2    | Bought a potion of mutation for 112 gold pieces
 12027 | Orc:2    | Found a roughly hewn altar of Beogh.
 12060 | Orc:2    | Found a roughly hewn altar of Beogh.
 12093 | Orc:2    | Found a roughly hewn altar of Beogh.
 12182 | Orc:2    | Noticed an orc warlord
 12341 | Orc:1    | Killed an orc warlord
 12398 | Orc:2    | Found Yczeury's Antique Armour Shoppe.
 12417 | Orc:2    | Found Osima's Antique Weapon Emporium.
 12418 | Orc:2    | Found a roughly hewn altar of Beogh.
 12438 | Orc:2    | Bought a shimmering troll leather armour for 440 gold pieces
 12450 | Orc:2    | Identified the cursed +1 troll leather armour of Fun and Games {rC- rN+++ Regen+ Dex+2 SInv} (You bought it in a shop on level 2 of the Orcish Mines)
 12453 | Orc:2    | Bought a transparent scale mail for 198 gold pieces
 12465 | Orc:2    | Identified the +1 scale mail "Jidetoveus" {-Tele rN+ rCorr} (You bought it in a shop on level 2 of the Orcish Mines)
 13770 | Lair:2   | You fall through a shaft!
 13770 | Lair:3   | Noticed Fannar
 13780 | Lair:3   | Killed Fannar
 13838 | Lair:3   | Reached XP level 14. HP: 120/133 MP: 25/25
 14040 | Lair:2   | Reached skill level 15 in Fighting
 14040 | Lair:2   | Reached skill level 15 in Invocations
 14351 | Lair:3   | Found a hole to the Spider Nest.
 14385 | Lair:3   | Got an ichor-stained robe
 14410 | Lair:2   | Identified the cursed +0 robe of the Volcano {rCorr Int+3} (You found it on level 3 of the Lair of Beasts)
 16048 | Lair:4   | Found a staircase to the Swamp.
 16575 | Lair:5   | Found a sparkling altar of Nemelex Xobeh.
 16885 | Lair:6   | Entered Level 6 of the Lair of Beasts
 17216 | Lair:6   | Reached XP level 15. HP: 143/146 MP: 27/27
 17666 | Lair:6   | Got a polished hand crossbow
 17674 | Lair:6   | Identified the +7 hand crossbow of Psychosis {venom, rC++ MP+9} (You found it on level 6 of the Lair of Beasts)
 17693 | Lair:6   | Found a staircase to the Slime Pits.
 18404 | D:9      | Bought a spiked cloak for 275 gold pieces
 18414 | D:9      | Identified the cursed +0 cloak of Sloth {rPois SInv} (You bought it in a shop on level 9 of the Dungeon)
 18952 | D:13     | Paralysed by a wizard for 2 turns
 18960 | D:13     | Paralysed by a wizard for 4 turns
 19043 | D:13     | Found a gate to the Vaults.
 19934 | D:14     | Reached XP level 16. HP: 128/157 MP: 28/28
 20011 | D:14     | Noticed Kirke
 20013 | D:14     | Paralysed by a floating eye for 3 turns
 20026 | D:14     | Killed Kirke
 20395 | D:15     | Entered Level 15 of the Dungeon
 20543 | D:15     | Reached skill level 10 in Shields
 20777 | D:15     | Found a staircase to the Depths.
 21076 | D:15     | Found a shadowy altar of Dithmenos.
 21319 | Lair:1   | Learned a level 3 spell: Ozocubu's Armour
 21339 | Lair:1   | Lost mutation: You are partially covered in slimy green scales. (AC +2) [potion of mutation]
 21339 | Lair:1   | Lost mutation: You have hoof-like feet. [potion of mutation]
 21339 | Lair:1   | Lost mutation: You have large cloven feet. [potion of mutation]
 21339 | Lair:1   | Gained mutation: Your flesh is heat resistant. (rF+) [potion of mutation]
 21339 | Lair:1   | Gained mutation: Your spells are a little harder to cast, but a little more powerful. [potion of mutation]
 21340 | Lair:1   | Lost mutation: Your spells are a little harder to cast, but a little more powerful. [potion of mutation]
 21340 | Lair:1   | Lost mutation: Your flesh is heat resistant. (rF+) [potion of mutation]
 21340 | Lair:1   | Gained mutation: You are robust. (+10% HP) [potion of mutation]
 21340 | Lair:1   | Gained mutation: You have a pair of small horns on your head. [potion of mutation]
 21340 | Lair:1   | Gained mutation: You are partially covered in icy blue scales. (AC +2) [potion of mutation]
 21340 | Lair:1   | Gained mutation: You have large cloven feet. [potion of mutation]
 21474 | Swamp:1  | Entered Level 1 of the Swamp
 21489 | Swamp:1  | Reached skill level 1 in Ice Magic
 21520 | Swamp:1  | Reached skill level 1 in Charms
 21927 | Swamp:1  | Noticed Josephine
 21930 | Swamp:1  | Paralysed by a hornet for 2 turns
 21944 | Swamp:1  | Killed Josephine
 22581 | Swamp:2  | Noticed a thorn hunter
 22588 | Swamp:2  | Killed a thorn hunter
 22749 | Swamp:2  | Reached skill level 5 in Ice Magic
 22922 | Swamp:2  | Reached skill level 5 in Charms
 22949 | Swamp:2  | Reached XP level 17. HP: 152/179 MP: 29/29
 23738 | Swamp:3  | Reached skill level 1 in Spellcasting
 23803 | Swamp:3  | Identified the +2 ring mail of Gin Xuah {*Contam rCorr Int+3 SInv} (You found it on level 3 of the Swamp)
 24433 | Swamp:4  | Entered Level 4 of the Swamp
 24637 | Swamp:4  | HP: 3/179 [six-headed hydra[a spriggan druid] (14)]
 24711 | Swamp:4  | Noticed Aizul
 24740 | Swamp:4  | Killed Aizul
 24916 | Swamp:4  | Learned a level 2 spell: Blink
 25000 | Swamp:4  | Reached skill level 1 in Translocations
 25434 | Swamp:4  | HP: 7/179 [thorn hunter (20)]
 25437 | Swamp:4  | Slain by a thorn hunter

Skill      XL: |  1  2  3  4  5  6  7  8  9 10 11 12 13 14 15 16 17 |
---------------+----------------------------------------------------+-----
Axes           | 3 4 5 7 9 12 15 16 18 | 18.5
Fighting       | 4 5 6 7 9 11 12 14 16 18 | 18.1
Armour         | 4 5 6 8 |  8.3
Invocations    | 3 9 11 12 14 16 | 16.5
Shields        | 5 7 8 9 10 | 10.4
Dodging        | 1 3 5 6 |  6.8
Staves         | 1 |  1.9
Ice Magic      | 5 7 |  7.0
Charms         | 5 6 |  6.7
Spellcasting   | 2 |  2.9
Translocations | 2 |  2.5

Action                   |  1- 3 |  4- 6 |  7- 9 | 10-12 | 13-15 | 16-18 || total
-------------------------+-------+-------+-------+-------+-------+-------++-------
Melee: War axe           |   113 |   204 |   314 |   636 |  1113 |   770 ||  3150
       Headbutt          |       |       |       |       |       |   200 ||   200
 Cast: Ozocubu's Armour  |       |       |       |       |       |     3 ||     3
Invok: Bend Time         |       |       |     1 |       |     1 |       ||     2
       Slouch            |       |       |       |     3 |     5 |     7 ||    15
       Step From Time    |       |       |       |       |       |     1 ||     1
 Abil: Evoke Flight      |       |       |       |     1 |       |       ||     1
Evoke: Wand              |       |       |       |     6 |     2 |       ||     8
  Use: Scroll            |     4 |     8 |     9 |    11 |     9 |    10 ||    51
       Potion            |     1 |     3 |     5 |     2 |     5 |     9 ||    25
 Stab: Sleeping          |       |       |       |     8 |     6 |       ||    14
       Distracted        |       |       |       |     1 |     2 |     1 ||     4
  Eat: Chunk             |       |     7 |     4 |     9 |    17 |     1 ||    38
       Fruit             |       |       |     1 |     2 |     2 |    15 ||    20
Armor: Plate armour      |    85 |   163 |   237 |       |       |       ||   485
       Scale mail        |     1 |       |     9 |    29 |       |       ||    39
       Skin              |       |     1 |       |       |       |       ||     1
       Leather armour    |       |       |       |   116 |    26 |   133 ||   275
       Troll leather arm |       |       |       |       |   227 |    48 ||   275
Dodge: Dodged            |    20 |    27 |    61 |   285 |   472 |   411 ||  1276
Block: Shield            |    77 |   113 |   187 |   487 |   790 |   565 ||  2219
